PCL
MILE HIGH BRONCOS @ REDWOOD CITY REDWOODS
08/17/2030
 
TOP OF THE 1ST
Mile High Broncos batting - Pitching for Redwood City Redwoods : RHP Julião Edwards
Pitching: RHP Julião Edwards
Batting: RHB José Darias 0-0: Ball
1-0: Swinging Strike
1-1: Foul Ball, location: 2F
1-2: Strikes out swinging
Batting: SHB Michael Field 0-0: Fly out, F9 (Line Drive, 89D)
Batting: RHB Rodney González 0-0: Ball
1-0: Called Strike
1-1: Ball
2-1: Called Strike
2-2: Foul Ball, location: 2F
2-2: Ball
3-2: Foul Ball, location: 2F
3-2: Base on Balls
Batting: RHB António Martínez 0-0: Ball
1-0: SINGLE (Line Drive, 34)
Rodney González to second
Batting: LHB Tony Báez 0-0: Called Strike
0-1: Ball
1-1: Ground out 4-3 (Groundball, 4)
Top of the 1st over - 0 runs, 1 hit, 0 errors, 2 left on base; Mile High 0 - Redwood City 0
BOTTOM OF THE 1ST
Redwood City Redwoods batting - Pitching for Mile High Broncos : RHP Scott King
Pitching: RHP Scott King
Batting: LHB Bob Campbell 0-0: SINGLE (Line Drive, 78M)
Batting: LHB Keith Green 0-0: Ball
1-0: Called Strike
1-1: Foul Ball, location: 2F
1-2: Foul Ball, location: 2F
1-2: Foul Ball, location: 2F
1-2: SINGLE (Line Drive, 56D)
Bob Campbell to second
Runner from 2nd tries for 3rd, SAFE, no throw
Batting: RHB David Adams 0-0: Ball
1-0: Called Strike
1-1: Fly out, F7 (Flyball, 7S)
Runner from 3rd tags up, SCORES, throw made
Now in LF: Luis Ramos
Batting: LHB César Rodríguez 0-0: Called Strike
0-1: Ball
1-1: Foul Ball, location: 2F
1-2: Strikes out swinging
Batting: RHB Eugene Allen 0-0: Called Strike
0-1: Ball
1-1: Fielders Choice at 2nd, 6-4 (Groundball, 6)
Bottom of the 1st over - 1 run, 2 hits, 0 errors, 1 left on base; Mile High 0 - Redwood City 1
TOP OF THE 2ND
Mile High Broncos batting - Pitching for Redwood City Redwoods : RHP Julião Edwards
Batting: RHB Tim Hanson 0-0: Called Strike
0-1: Foul Ball, location: 2F
0-2: Strikes out swinging
Batting: SHB Ben Marks 0-0: Ball
1-0: Called Strike
1-1: Ball
2-1: Fly out, F7 (Flyball, 7S)
Batting: SHB Paco Martínez 0-0: Ball
1-0: Ground out 4-3 (Groundball, 6M)
Top of the 2nd over - 0 runs, 0 hits, 0 errors, 0 left on base; Mile High 0 - Redwood City 1
BOTTOM OF THE 2ND
Redwood City Redwoods batting - Pitching for Mile High Broncos : RHP Scott King
Batting: LHB Vicente Chávez 0-0: Called Strike
0-1: Fly out, F8 (Flyball, 89D)
Batting: RHB Luis Miguel Sánchez 0-0: Foul Ball, location: 2F
0-1: Ball
1-1: Foul Ball, location: 2F
1-2: Fly out, F7 (Flyball, 7S)
Batting: RHB Francisco Rodríguez 0-0: Ground out 6-3 (Groundball, 6)
Bottom of the 2nd over - 0 runs, 0 hits, 0 errors, 0 left on base; Mile High 0 - Redwood City 1
TOP OF THE 3RD
Mile High Broncos batting - Pitching for Redwood City Redwoods : RHP Julião Edwards
Batting: RHB Mançio Delmage 0-0: Swinging Strike
0-1: Swinging Strike
0-2: Strikes out swinging
Batting: RHB José Darias 0-0: Foul Ball, location: 2F
0-1: Ball
1-1: Foul Ball, location: 2F
1-2: Ball
2-2: Ball
3-2: Foul Ball, location: 2F
3-2: SINGLE (Groundball, 4MD)
Batting: RHB Luis Ramos 0-0: Grounds into double play, 6-4-3 (Groundball, 6)
Top of the 3rd over - 0 runs, 1 hit, 0 errors, 0 left on base; Mile High 0 - Redwood City 1
BOTTOM OF THE 3RD
Redwood City Redwoods batting - Pitching for Mile High Broncos : RHP Scott King
Batting: RHB David Strickland 0-0: Ball
1-0: Ball
2-0: SOLO HOME RUN (Flyball, 9D), Distance : 342 ft
Batting: LHB Bob Campbell 0-0: Ball
1-0: Called Strike
1-1: Fly out, F7 (Flyball, 7S)
Batting: LHB Keith Green 0-0: Ball
1-0: Ball
2-0: Ball
3-0: Base on Balls
Batting: RHB David Adams 0-0: Called Strike
0-1: Grounds into double play, 4-6-3 (Groundball, 4)
Bottom of the 3rd over - 1 run, 1 hit, 0 errors, 0 left on base; Mile High 0 - Redwood City 2
TOP OF THE 4TH
Mile High Broncos batting - Pitching for Redwood City Redwoods : RHP Julião Edwards
Batting: RHB Rodney González 0-0: Ground out 4-3 (Groundball, 4)
Batting: RHB António Martínez 0-0: Ball
1-0: Ball
2-0: Ball
3-0: Called Strike
3-1: Base on Balls
Batting: LHB Tony Báez 0-0: Swinging Strike
0-1: Ball
1-1: Ball
2-1: Ball
3-1: Swinging Strike
3-2: DOUBLE (Line Drive, 89D)
António Martínez to third
Runner from 3rd tries for Home, SAFE, no throw
Batting: RHB Tim Hanson 0-0: Swinging Strike
0-1: Ball
1-1: Foul Ball, location: 2F
1-2: Strikes out swinging
Batting: SHB Ben Marks 0-0: Called Strike
0-1: Foul Ball, location: 2F
0-2: Strikes out swinging
Top of the 4th over - 1 run, 1 hit, 0 errors, 1 left on base; Mile High 1 - Redwood City 2
BOTTOM OF THE 4TH
Redwood City Redwoods batting - Pitching for Mile High Broncos : RHP Scott King
Batting: LHB César Rodríguez 0-0: Ball
1-0: Ball
2-0: Ball
3-0: Base on Balls
Batting: RHB Eugene Allen 0-0: Foul Ball, location: 2F
0-1: Ball
1-1: SINGLE (Line Drive, 34)
César Rodríguez to second
Batting: LHB Vicente Chávez 0-0: Called Strike
0-1: Ball
1-1: Ball
2-1: Ball
3-1: Base on Balls
César Rodríguez to third
Eugene Allen to second
Batting: RHB Luis Miguel Sánchez 0-0: Called Strike
0-1: Called Strike
0-2: Foul Ball, location: 2F
0-2: Ball
1-2: Strikes out swinging
Batting: RHB Francisco Rodríguez 0-0: Ball
1-0: Ball
2-0: Called Strike
2-1: Ball
3-1: Base on Balls
César Rodríguez scores
Eugene Allen to third
Vicente Chávez to second
Batting: RHB David Strickland 0-0: Ball
1-0: SINGLE (Line Drive, 6D)
Eugene Allen scores
Vicente Chávez to third
Francisco Rodríguez to second
Runner from 3rd tries for Home, SAFE, no throw
Batting: LHB Bob Campbell 0-0: Foul Ball, location: 2F
0-1: Ball
1-1: Ball
2-1: Foul Ball, location: 2F
2-2: Strikes out swinging
Batting: LHB Keith Green 0-0: Swinging Strike
0-1: Ball
1-1: Called Strike
1-2: Ball
2-2: Foul Ball, location: 2F
2-2: SINGLE (Groundball, 34D)
Francisco Rodríguez to third
David Strickland to second
Runner from 3rd tries for Home, SAFE, no throw
Batting: RHB David Adams 0-0: Ball
1-0: Ground out 4-3 (Groundball, 4)
Bottom of the 4th over - 4 runs, 3 hits, 0 errors, 2 left on base; Mile High 1 - Redwood City 6
TOP OF THE 5TH
Mile High Broncos batting - Pitching for Redwood City Redwoods : RHP Julião Edwards
Batting: SHB Paco Martínez 0-0: Ball
1-0: Called Strike
1-1: Ball
2-1: Swinging Strike
2-2: Ball
3-2: Ground out 4-3 (Groundball, 34)
Batting: RHB Mançio Delmage 0-0: Ball
1-0: Called Strike
1-1: Foul Ball, location: 2F
1-2: Ball
2-2: Foul Ball, location: 2F
2-2: Strikes out swinging
Batting: RHB José Darias 0-0: Ball
1-0: Called Strike
1-1: Called Strike
1-2: Strikes out swinging
Top of the 5th over - 0 runs, 0 hits, 0 errors, 0 left on base; Mile High 1 - Redwood City 6
BOTTOM OF THE 5TH
Redwood City Redwoods batting - Pitching for Mile High Broncos : RHP Scott King
Batting: LHB César Rodríguez 0-0: Called Strike
0-1: Called Strike
0-2: Strikes out looking
Batting: RHB Eugene Allen 0-0: Called Strike
0-1: Ball
1-1: Fly out, F7 (Flyball, 78XD)
Batting: LHB Vicente Chávez 0-0: SOLO HOME RUN (Flyball, 9LD), Distance : 317 ft
Batting: RHB Luis Miguel Sánchez 0-0: Ball
1-0: Foul Ball, location: 2F
1-1: Fly out, F9 (Flyball, 9LD)
Bottom of the 5th over - 1 run, 1 hit, 0 errors, 0 left on base; Mile High 1 - Redwood City 7
TOP OF THE 6TH
Mile High Broncos batting - Pitching for Redwood City Redwoods : RHP Julião Edwards
Batting: RHB Luis Ramos 0-0: Ball
1-0: Called Strike
1-1: Ball
2-1: Swinging Strike
2-2: Strikes out swinging
Batting: RHB Rodney González 0-0: Called Strike
Error on foul ball, E7
0-2: Ball
1-2: SINGLE (Line Drive, 34D)
Batting: RHB António Martínez 0-0: Called Strike
0-1: Foul Ball, location: 2F
0-2: Ball
1-2: Strikes out swinging
Batting: LHB Tony Báez 0-0: Foul Ball, location: 2F
0-1: Foul Ball, location: 2F
0-2: Strikes out looking
Top of the 6th over - 0 runs, 1 hit, 1 error, 1 left on base; Mile High 1 - Redwood City 7
BOTTOM OF THE 6TH
Redwood City Redwoods batting - Pitching for Mile High Broncos : RHP Scott King
Pitching: RHP José García
Batting: RHB Francisco Rodríguez 0-0: Ball
1-0: Ground out 6-3 (Groundball, 6S)
Batting: RHB David Strickland 0-0: Ground out 5-3 (Groundball, 2L)
Batting: LHB Bob Campbell 0-0: Ball
1-0: Ball
2-0: Ball
3-0: Base on Balls
Batting: LHB Keith Green 0-0: SINGLE (Groundball, 34D)
Bob Campbell to second
Runner from 2nd tries for 3rd, SAFE, throw made to third
Batting: RHB David Adams 0-0: Swinging Strike
0-1: Ball
1-1: SINGLE (Flyball, 8RS)
Bob Campbell scores
Keith Green to second
Runner from 2nd tries for 3rd, OUT!
Bottom of the 6th over - 1 run, 2 hits, 0 errors, 1 left on base; Mile High 1 - Redwood City 8
TOP OF THE 7TH
Mile High Broncos batting - Pitching for Redwood City Redwoods : RHP Julião Edwards
Batting: RHB Tim Hanson 0-0: SINGLE (Line Drive, 7S)
Batting: SHB Ben Marks 0-0: Ball
1-0: Swinging Strike
1-1: Foul Ball, location: 2F
1-2: Ball
2-2: Ball
3-2: Foul Ball, location: 2F
3-2: Foul Ball, location: 2F
3-2: SINGLE (Groundball, 3D)
Tim Hanson to second
Runner from 2nd tries for 3rd, SAFE, no throw
Batting: SHB Paco Martínez 0-0: Ball
1-0: Called Strike
1-1: Foul Ball, location: 2F
1-2: Fly out, F4 (Popup, 4)
Batting: RHB Mançio Delmage 0-0: Called Strike
0-1: Ball
1-1: Fly out, F8 (Flyball, 8LM)
Pitching: LHP Pedro Castro
Batting: RHB José Darias 0-0: SINGLE (Line Drive, 4M)
Tim Hanson scores
Ben Marks to second
Batting: RHB Luis Ramos 0-0: Ball
1-0: Fly out, F8 (Flyball, 8RXD)
Top of the 7th over - 1 run, 3 hits, 0 errors, 2 left on base; Mile High 2 - Redwood City 8
BOTTOM OF THE 7TH
Redwood City Redwoods batting - Pitching for Mile High Broncos : RHP José García
Batting: LHB César Rodríguez 0-0: Ball
1-0: SINGLE (Groundball, 4MD)
Batting: RHB Eugene Allen 0-0: Called Strike
0-1: Ball
1-1: Ball
2-1: Grounds into double play, 6-4-3 (Groundball, 6)
Batting: LHB Vicente Chávez 0-0: Ball
1-0: Called Strike
1-1: SOLO HOME RUN (Flyball, 9D), Distance : 356 ft
Batting: RHB Luis Miguel Sánchez 0-0: Fly out, F8 (Flyball, 8LD)
Bottom of the 7th over - 1 run, 2 hits, 0 errors, 0 left on base; Mile High 2 - Redwood City 9
TOP OF THE 8TH
Mile High Broncos batting - Pitching for Redwood City Redwoods : LHP Pedro Castro
Now in CF: Arthur Hall
Batting: RHB Rodney González 0-0: Ball
1-0: Ball
2-0: Swinging Strike
2-1: Called Strike
2-2: Foul Ball, location: 2F
2-2: Foul Ball, location: 2F
2-2: Ground out 6-3 (Groundball, 6)
Batting: RHB António Martínez 0-0: Ball
1-0: Foul Ball, location: 2F
1-1: Ground out 6-3 (Groundball, 6)
Batting: LHB Tony Báez 0-0: DOUBLE (Line Drive, 9LS)
Batting: RHB Tim Hanson 0-0: Ball
1-0: Called Strike
1-1: Ball
2-1: Called Strike
2-2: Ground out 5-3 (Groundball, 56)
Top of the 8th over - 0 runs, 1 hit, 0 errors, 1 left on base; Mile High 2 - Redwood City 9
BOTTOM OF THE 8TH
Redwood City Redwoods batting - Pitching for Mile High Broncos : RHP José García
Batting: RHB Francisco Rodríguez 0-0: Called Strike
0-1: SINGLE (Groundball, 34D)
Batting: RHB David Strickland 0-0: Ball
1-0: Grounds into double play, 5-4-3 (Groundball, 56)
Batting: LHB Bob Campbell 0-0: Fly out, F8 (Flyball, 8RM)
Bottom of the 8th over - 0 runs, 1 hit, 0 errors, 0 left on base; Mile High 2 - Redwood City 9
TOP OF THE 9TH
Mile High Broncos batting - Pitching for Redwood City Redwoods : LHP Pedro Castro
Now at C: Chris Young
Now in RF: José Martínez
Batting: SHB Ben Marks 0-0: Ball
1-0: Called Strike
1-1: Ball
2-1: Ball
3-1: Foul Ball, location: 2F
3-2: Ground out 4-3 (Groundball, 4)
Batting: SHB Paco Martínez 0-0: Swinging Strike
0-1: Swinging Strike
0-2: Strikes out swinging
Batting: RHB Mançio Delmage 0-0: Ball
1-0: Ball
2-0: Ball
3-0: Called Strike
3-1: Ground out 5-3 (Groundball, 56)
Top of the 9th over - 0 runs, 0 hits, 0 errors, 0 left on base; Mile High 2 - Redwood City 9
Saturday, April 7th, 2018 - OOTP Baseball 18.8 Build 76